 Dungeon Crawl Stone Soup version 0.27.0-1-g7a089689b8 (webtiles) character file.

Game seed: 4890308775629293190

40 thirtiethelement the Skirmisher (level 3, -4/29 HPs)
             Began as a Demonspawn Abyssal Knight on Aug 14, 2021.
             Was a Follower of Lugonu.
             Slain by Sigmund (12 damage)
             ... on level 2 of the Dungeon.
             The game lasted 00:02:49 (2108 turns).

thirtiethelement the Skirmisher (DsAK)              Turns: 2108, Time: 00:02:50

Health: -4/29      AC:  3    Str: 12    XL:     3   Next: 30%
Magic:  4/4        EV: 11    Int: 14    God:    Lugonu [*.....]
Gold:   30         SH:  0    Dex: 12    Spells: 2/2 levels left

rFire    . . .     SeeInvis .   a - +1 falchion
rCold    . . .     Faith    .   (no shield)
rNeg     . . .     Spirit   .   b - +0 leather armour
rPois    .         Reflect  .   (no helmet)
rElec    .         Harm     .   (no cloak)
rCorr    .         Rampage  .   (no gloves)
Will     .....                  (no boots)
Stlth    +.........             (no amulet)
HPRegen  0.09/turn              (no ring)
MPRegen  0.09/turn              (no ring)

@: no status effects
A: demonic magic 1
a: Renounce Religion, Depart the Abyss


You were on level 2 of the Dungeon.
You worshipped Lugonu.
Lugonu was aware of your devotion.
You visited 1 branch of the dungeon, and saw 2 of its levels.
You visited the Abyss 1 time.

You collected 30 gold pieces.

Inventory:

Hand Weapons
 a - a +1 falchion (weapon)
Missiles
 g - 8 boomerangs (quivered)
Armour
 b - a +0 leather armour (worn)
Magical Staves
 f - a staff of air
Scrolls
 d - a scroll of identify
Potions
 c - a potion of curing
 e - a potion of brilliance


   Skills:
 + Level 3.5 Fighting
 + Level 2.4 Long Blades
 + Level 2.1 Armour
 + Level 1.1 Dodging
 + Level 0.3 Stealth
 + Level 2.5 Invocations


You had 2 spell levels left.
You didn't know any spells.
Your spell library was empty.

Dungeon Overview and Level Annotations

Branches:
Dungeon (2/15)

Altars:

Annotations:
D:2 Sigmund


Innate Abilities, Weirdness & Mutations

Spells you cast may paralyse adjacent enemies.


Message History

Press: ? - help, Q - select action, (/) - cycle Shift-Dir - straight line, f/p - Sigmund
Aim: Sigmund, wielding a +0 scythe and wearing a +0 robe (lightly wounded, 53% to hit)
You throw a boomerang. The boomerang hits Sigmund.
Sigmund is lightly wounded.
Sigmund points at you and mumbles some strange words.
You resist with significant effort.
Throw: 8 boomerangs
Press: ? - help, Q - select action, (/) - cycle Shift-Dir - straight line, f/p - Sigmund
Aim: Sigmund, wielding a +0 scythe and wearing a +0 robe (lightly wounded, 53% to hit)
You throw a boomerang. The boomerang closely misses Sigmund.
Sigmund hits you from afar with a +0 scythe.
* * * LOW HITPOINT WARNING * * *
Sigmund closely misses you.
You climb upwards.
There is a stone staircase leading down here.
You start resting.
HP restored.
There is a stone staircase leading down here.
You climb downwards.
Level annotation: Sigmund Sigmund hits you from afar with a +0 scythe.
Sigmund gestures at you while chanting. The magic dart hits you!
There is a stone staircase leading up here.
Sigmund hits you but does no damage.
You climb upwards.
There is a stone staircase leading down here.
You start resting.
HP restored.
You climb downwards.
Level annotation: Sigmund Sigmund breathes a few words.
Sigmund's hands start flickering wildly.
There is a stone staircase leading up here.
Sigmund gestures at you while chanting. The puff of flame hits you!
You closely miss Sigmund. Sigmund hits you with a +0 scythe!
* * * LOW HITPOINT WARNING * * *
Sigmund hits you from afar with a +0 scythe!
You die...

########
#......#
#......#
#......#
#......#
#......#
#......#
#...@..#
#.@....#
#......#
#......#
###.####
#.# #..
#.# #.


You could see Sigmund.

Vanquished Creatures
  A gnoll (D:1)
  A dart slug (D:1)
  4 endoplasms (D:1)
  3 goblins (D:1)
  3 hobgoblins (D:1)
  3 jackals (D:1)
  2 ball pythons (D:1)
  5 bats (D:1)
  2 kobolds (D:1)
  2 rats (D:1)
26 creatures vanquished.

Notes
Turn   | Place    | Note
-------+----------+-------------------------------------------
     0 | Abyss:1  | thirtiethelement the Demonspawn Abyssal Knight began the
                  | quest for the Orb.
     0 | Abyss:1  | Reached XP level 1. HP: 18/18 MP: 2/2
    32 | Abyss:1  | Noticed a chaos spawn
    41 | Abyss:1  | Noticed a large abomination
    74 | Abyss:1  | Noticed a raiju
    74 | Abyss:1  | Noticed a smoke demon
    74 | Abyss:1  | Noticed a small abomination
    75 | D:1      | Escaped the Abyss
   473 | D:1      | Reached skill level 1 in Dodging
   510 | D:1      | Gained mutation: Spells you cast may paralyse adjacent
                  | enemies. [demonic ancestry]
   510 | D:1      | Reached XP level 2. HP: 18/24 MP: 3/3
   604 | D:1      | Reached * piety under Lugonu
   848 | D:1      | Reached XP level 3. HP: 17/29 MP: 4/4
  1441 | D:2      | Noticed Sigmund
  2108 | D:2      | Slain by Sigmund

Illustrated notes

Levels and vault maps discovered:
D:1:      tarquinn_simple_flora_water_f, layout_loops_ring
D:2:      layout_rooms, minmay_misc_feat_tiny, minmay_liquid_box,
          chequers_serial_rivers_micro_b, uniq_jessica, uniq_sigmund

Skill      XL: |  1  2 |
---------------+-------+-----
Dodging        | 1 |  1.1
Long Blades    | 2 |  2.4
Armour         | 2 |  2.1
Fighting       | |  3.5
Stealth        | |  0.3
Invocations    | |  2.5

Action                   || total
-------------------------++-------
Melee: Falchion          ||    75
Throw: Boomerang         ||    10
Invok: Depart the Abyss  ||     1
  Use: Scroll            ||     2
 Stab: Sleeping          ||     1
Armor: Leather armour    ||    25
Dodge: Dodged            ||    56
       Rpst.: Falchion   ||    19
